 Dungeon Crawl Stone Soup version 0.31.0-32-g396128a36d (webtiles) character file.

Game seed: 1998198012881965548

96 NotreDorf the Poker (level 4, -6/37 HPs)
             Began as a Merfolk Berserker on Mar 30, 2024.
             Was a Believer of Trog.
             Mangled by a gnoll
             ... wielding a +0 flail
              (11 damage)
             ... on level 3 of the Dungeon.
             The game lasted 00:04:06 (1591 turns).

NotreDorf the Poker (Merfolk Berserker)             Turns: 1591, Time: 00:04:08

Health: -6/37      AC:  2    Str: 19    XL:     4   Next: 67%
Magic:  4/4        EV: 14    Int:  6    God:    Trog [**....]
Gold:   93         SH:  0    Dex: 19    Spells: 3/3 levels left

rFire   . . .        a - +0 spear
rCold   . . .        (no shield)
rNeg    . . .        b - +0 animal skin
rPois   .            (no helmet)
rElec   .            (no cloak)
rCorr   .            (no gloves)
SInv    .            (no boots)
Will    .....        (no amulet)
Stlth   ++           f - +6 ring of dexterity
HPRegen 0.26/turn    (no ring)
MPRegen 0.09/turn

%: no passive effects
@: on berserk cooldown, slowed, very slow
A: (nimble swimmer 2), mertail
a: Renounce Religion, Berserk, Trog's Hand


You were on level 3 of the Dungeon.
You worshipped Trog.
Trog was pleased with you.
You visited 1 branch of the dungeon, and saw 3 of its levels.

You collected 93 gold pieces.

Inventory:

Hand Weapons
 a - a +0 spear (weapon)
Missiles
 l - 29 stones (quivered)
Armour
 b - a +0 animal skin (worn)
Jewellery
 f - a +6 ring of dexterity (left hand)
Wands
 o - a wand of digging (3)
 p - a wand of flame (21)
Scrolls
 d - a scroll of blinking {unknown}
 e - 2 scrolls of teleportation {unknown}
 g - 3 scrolls of identify {unknown}
 h - a scroll of acquirement {unknown}
 n - a scroll of revelation {unknown}
Potions
 c - a potion of magic {unknown}
 i - 4 potions of curing {unknown}
 j - a potion of invisibility {unknown}
 k - a potion of enlightenment {unknown}
 m - a potion of might {unknown}
 q - a potion of degeneration {unknown}


   Skills:
 + Level 4.0 Fighting
 + Level 4.9 Polearms
 - Level 1.3 Armour
 + Level 3.8 Dodging
 + Level 2.3 Stealth


You had 3 spell levels left.
You didn't know any spells.
Your spell library was empty.

Dungeon Overview and Level Annotations

Branches:
Dungeon (3/15)

Altars:


Innate Abilities, Weirdness & Mutations

((You are very nimble when in or above water. (Stealth+, EV+, Speed+++)))
Your lower body shifts to a powerful aquatic tail in water.


Message History

You closely miss the gnoll. You hit the gnoll but do no damage.
The goblin hits you but does no damage. The gnoll hits you with a +0 whip.
You hit the gnoll.
The gnoll is moderately wounded.
The goblin hits you with a +0 dagger. The gnoll barely misses you.
You hit the gnoll.
The gnoll is heavily wounded.
You hit the goblin.
You kill the goblin!
Trog accepts your kill. The gnoll completely misses you. The gnoll misses you.
You hit the gnoll.
The gnoll is severely wounded.
You hit the gnoll.
You kill the gnoll!
Trog accepts your kill. The gnoll closely misses you.
You barely miss the gnoll.
You are no longer berserk.
You are exhausted.
You feel yourself slow down.
You hit the gnoll.
The gnoll is heavily wounded.
The gnoll hits you with a +0 flail. The gnoll closely misses you.
The gnoll hits you with a +0 flail. x2
You closely miss the gnoll.
The gnoll is heavily wounded.
The gnoll misses you. The gnoll barely misses you.
You hit the gnoll.
The gnoll is severely wounded.
The gnoll barely misses you. The gnoll closely misses you.
You barely miss the gnoll.
The gnoll is severely wounded.
The gnoll hits you with a +0 flail.
* * * LOW HITPOINT WARNING * * *
The gnoll hits you with a +0 flail.
* * * LOW HITPOINT WARNING * * *
The gnoll closely misses you. The gnoll hits you with a +0 flail!
You die...

............##..#
.........#.....## ..
.........##.#..# .....
.........##.)#)###......
##..#.##...#)<†.........
#..#.####..##).##......
....#.# ##.##.).# .....
....<.. #.##.#)#!.....
....... # .#.#@)...#
.... ... #...gg###.#
###.#.# #?#.. #.#..
#.#... .... ....#


You could see 2 gnolls.

Vanquished Creatures
  Robin (D:3)
  A gnoll (D:3)
  2 adders (D:3)
  2 dart slugs
  An orc (D:2)
  2 endoplasms (D:3)
  3 giant cockroaches (D:1)
  16 goblins
  3 hobgoblins
  2 jackals (D:3)
  2 kobolds
  A quokka (D:3)
  4 ball pythons
  3 bats
  2 rats
45 creatures vanquished.

Notes
Turn   | Place    | Note
-------+----------+-------------------------------------------
     0 | D:1      | NotreDorf the Merfolk Berserker began the quest for the
                  | Orb.
     0 | D:1      | Reached XP level 1. HP: 18/18 MP: 1/1
   248 | D:1      | Reached XP level 2. HP: 24/24 MP: 2/2
   313 | D:1      | Reached skill level 1 in Stealth
  1037 | D:2      | Reached XP level 3. HP: 29/30 MP: 3/3
  1068 | D:2      | Found a faded altar of an unknown god.
  1240 | D:3      | Reached ** piety under Trog
  1481 | D:3      | Reached XP level 4. HP: 27/37 MP: 4/4
  1554 | D:3      | Noticed Robin
  1573 | D:3      | Killed Robin
  1591 | D:3      | Mangled by a gnoll

Illustrated notes

Levels and vault maps discovered:
D:1:      spicycebolla_green_bress_n_ham, layout_loops_ring
D:2:      layout_rooms, chequers_ecumenical_altar_twisty,
          corexii_leaking_fountain
D:3:      layout_rooms, uniq_robin

Skill      XL: |  1  2  3  4 |
---------------+-------------+-----
Dodging        | 3 |  3.8
Stealth        | 1 2 |  2.3
Fighting       | 4 |  4.0
Polearms       | |  4.9
Armour         | |  1.3

Action                     |  1- 3 |  4- 6 || total
---------------------------+-------+-------++-------
  Melee: Spear             |   127 |    34 ||   161
 Invoke: Berserk           |       |     1 ||     1
   Stab: Sleeping          |     5 |       ||     5
         Distracted        |     1 |       ||     1
 Armour: Animal skin       |    44 |    17 ||    61
  Dodge: Dodged            |    66 |    21 ||    87
